Map: Star Crafts Mod

Players

Martini - Winner!

  • Race: Zerg Zerg
  • Spawn Location: 3:00

MechaSword - Winner!

  • Race: Protoss Protoss
  • Spawn Location: 5:00

RatedBeta - Winner!

  • Race: Zerg Zerg
  • Spawn Location: 0:00

Player 4

  • Race: Protoss Protoss
  • Spawn Location: 6:00

Player 5

  • Race: Protoss Protoss
  • Spawn Location: 6:00

Player 6

  • Race: Protoss Protoss
  • Spawn Location: 5:00

VOD

Have the link to the VOD?

Description

Time

  • Played on: Sept. 3, 2017, 12:11 p.m.
  • Length: 21:33
Show
View Real Time Build Order
Export as new Build Order

Martini Zerg - Winner!

Build Orders: Pool First 

Get SALT Encoding   

  12  0:02  Drone  
  13  0:12  Overlord  
  13  0:17  Drone  
  14  0:31  Drone x2  
  14  0:35  Drone  
  17  0:47  Spawning Pool  
  16  1:13  Drone  
  16  1:14  Hatchery  
  16  1:26  Evolution Chamber  
  16  1:30  Evolution Chamber  
  14  1:37  Drone  
  14  1:39  Drone  
  16  1:40  Drone  
  17  1:50  Roach Warren  
  16  1:59  Queen  
  18  2:11  Drone x2  
  18  2:12  Drone  
  21  2:17  Extractor  
  21  2:19  Extractor  
  21  2:22  Drone  
  20  2:25  Drone  
  21  2:37  Queen  
  21  2:40  Queen  
  25  2:47  Drone x2  
  25  2:49  Drone  
  28  3:08  Overlord x2  
  28  3:09  Overlord  
  28  3:40  Zerg Missile Weapons Level 1  
  28  3:45  Drone  
  28  3:46  Drone x6  
  35  3:57  Drone x2  
  37  4:07  Drone x5  
  42  4:22  Drone x2  
  42  4:24  Overlord  
  44  4:26  Overlord  
  44  4:58  Overlord x3  
  44  4:59  Overlord  
  44  5:13  Roach  
  44  5:14  Roach x5  
  56  5:19  Roach  
  56  5:20  Roach x5  
  68  5:30  Extractor  
  68  5:32  Drone x2  
  68  5:33  Extractor  
  68  5:41  Zerg Ground Armor Level 1  
  68  5:42  Lair  
  68  6:10  Roach x10  
  88  6:27  Drone  
  88  6:28  Drone x3  
  92  6:39  Glial Reconstitution  
  92  6:55  Queen  
  92  6:56  Queen  
  80  7:27  Spire  
  68  7:31  Queen  
  68  7:32  Roach  
  27  8:17  Queen  
  24  8:39  Mutalisk  
  24  8:40  Mutalisk x6  
  26  9:34  Hatchery  
  25  9:49  Mutalisk  
  27  10:10  Mutalisk  
  29  10:18  Queen  
  31  10:45  Spawning Pool  
  30  11:14  Mutalisk  
  30  11:15  Mutalisk x2  
  30  12:02  Drone  
  30  12:03  Drone x5  
  36  12:26  Drone  
  36  12:27  Drone x3  
  40  12:40  Drone  
  40  12:41  Drone  
  42  12:47  Spore Crawler  
  42  12:48  Spore Crawler  
  42  12:50  Drone x2  
  42  12:56  Queen  
  42  12:57  Queen  
  46  13:19  Drone  
  48  13:20  Drone x4  
  43  13:56  Mutalisk x8  
  48  14:36  Mutalisk  
  48  14:37  Mutalisk  
  52  14:42  Overlord x4  
  52  14:56  Queen x2  
  50  15:15  Mutalisk x3  
  50  15:16  Mutalisk x3  
  62  15:32  Queen  
  64  16:02  Drone x4  
  64  16:03  Drone x2  
  70  16:10  Drone  
  72  16:11  Drone x5  
  76  16:30  Mutalisk x3  
  82  16:46  Mutalisk  
  84  16:59  Overlord x7  
  84  17:06  Lair  
  84  17:28  Drone  
  84  17:29  Drone x6  
  91  17:46  Drone x2  
  63  18:24  Mutalisk  
  44  19:10  Overseer x2  
  44  19:49  Zergling x2  
  44  19:50  Zergling x42  
  66  20:14  Drone  
  66  20:15  Drone x5  
Show
View Real Time Build Order
Export as new Build Order

MechaSword Protoss - Winner!

Build Orders:  

Get SALT Encoding   

  12  0:06  Probe (Chrono Boost)  
  13  0:18  Probe (Chrono Boost)  
  15  0:29  Pylon  
  15  0:30  Probe (Chrono Boost)  
  15  0:47  Pylon  
  15  0:49  Probe (Chrono Boost)  
  16  0:54  Gateway  
  16  1:02  Forge  
  16  1:09  Assimilator  
  16  1:13  Probe (Chrono Boost)  
  18  1:26  Probe (Chrono Boost)  
  18  1:38  Probe (Chrono Boost)  
  19  1:43  Zealot  
  21  2:11  Zealot  
  23  2:26  Nexus  
  23  2:38  Zealot  
  25  2:51  Protoss Ground Weapons Level 1  
  25  3:05  Zealot  
  27  3:15  Assimilator  
  27  3:23  Probe (Chrono Boost)  
  28  3:32  Zealot  
  31  3:35  Probe (Chrono Boost)  
  31  3:40  Probe (Chrono Boost)  
  32  3:47  Probe (Chrono Boost)  
  33  3:52  Probe (Chrono Boost)  
  34  3:59  Zealot  
  37  4:04  Probe (Chrono Boost)  
  37  4:12  Pylon  
  37  4:16  Probe (Chrono Boost)  
  38  4:20  Pylon  
  38  4:23  Pylon  
  38  4:28  Pylon, Probe (Chrono Boost)  
  39  4:40  Probe (Chrono Boost)  
  39  4:41  Probe (Chrono Boost)  
  41  4:45  Protoss Ground Armor Level 1  
  42  4:52  Probe (Chrono Boost)  
  42  5:05  Probe (Chrono Boost)  
  43  5:17  Probe (Chrono Boost)  
  44  5:27  Assimilator  
  45  5:29  Assimilator, Probe (Chrono Boost)  
  45  5:36  Pylon  
  45  5:40  Forge  
  45  5:41  Probe (Chrono Boost)  
  46  5:50  Photon Cannon  
  46  5:53  Probe (Chrono Boost)  
  47  5:58  Photon Cannon  
  47  6:01  Photon Cannon  
  47  6:05  Photon Cannon  
  48  6:11  Probe (Chrono Boost)  
  50  6:18  Zealot  
  50  6:23  Probe (Chrono Boost)  
  51  6:35  Probe (Chrono Boost)  
  51  6:37  Cybernetics Core  
  52  6:40  Protoss Shields Level 1  
  52  6:45  Zealot  
  54  7:12  Zealot  
  54  7:14  Probe (Chrono Boost)  
  57  7:18  Protoss Air Weapons Level 1  
  57  7:26  Probe (Chrono Boost)  
  57  7:27  Twilight Council  
  58  7:31  Stargate  
  58  7:35  Robotics Facility  
  59  7:38  Probe (Chrono Boost)  
  59  7:39  Zealot  
  61  8:07  Zealot  
  63  8:16  Gateway  
  63  8:22  Gateway  
  63  8:23  Gateway  
  63  8:27  Pylon  
  63  8:33  Stalker  
  65  8:38  Immortal  
  69  8:46  Void Ray  
  73  9:03  Stalker  
  75  9:13  Protoss Air Armor Level 1  
  75  9:16  Stalker  
  75  9:17  Immortal  
  75  9:20  Stalker  
  81  9:29  Void Ray  
  86  9:32  Probe (Chrono Boost)  
  86  9:33  Stalker  
  88  9:44  Probe (Chrono Boost)  
  89  9:46  Stalker  
  89  9:50  Stalker, Protoss Ground Weapons Level 2  
  93  9:57  Probe (Chrono Boost)  
  94  10:06  Pylon  
  94  10:17  Pylon  
  94  10:20  Pylon  
  94  10:24  Void Ray, Immortal  
  102  10:32  Pylon  
  102  10:35  Stalker x3, Pylon  
  108  10:45  Pylon  
  108  10:48  Pylon  
  108  10:53  Pylon  
  108  11:04  Immortal  
  112  11:05  Stalker x3  
  112  11:07  Void Ray  
  112  11:10  Stalker  
  124  11:34  Stalker x2  
  124  11:35  Stalker  
  122  11:40  Stalker  
  122  11:42  Warp Prism  
  126  11:50  Void Ray  
  130  12:04  Stalker x3  
  130  12:06  Protoss Ground Armor Level 2  
  136  12:10  Stalker  
  138  12:18  Warp Prism  
  140  12:32  Void Ray  
  140  12:34  Stalker x3  
  150  12:40  Stalker  
  152  12:52  Pylon  
  152  12:54  Immortal  
  154  12:58  Pylon  
  154  13:01  Pylon  
  154  13:04  Stalker x3  
  148  13:10  Stalker  
  150  13:15  Void Ray  
  154  13:20  Pylon  
  154  13:24  Pylon  
  154  13:33  Immortal, Pylon  
  158  13:34  Stalker  
  158  13:36  Photon Cannon  
  158  13:39  Photon Cannon  
  158  13:40  Stalker  
  162  13:41  Photon Cannon  
  162  13:46  Photon Cannon  
  162  13:48  Photon Cannon  
  162  13:51  Photon Cannon  
  162  13:55  Photon Cannon  
  162  13:58  Void Ray  
  162  14:21  Protoss Shields Level 2  
  162  14:30  Stalker  
  164  14:33  Stalker  
  164  14:34  Stalker  
  164  14:37  Stalker  
  170  14:41  Void Ray  
  174  14:52  Fleet Beacon  
  174  15:00  Stalker, Dark Shrine  
  174  15:03  Stalker  
  174  15:04  Stalker  
  180  15:07  Stalker  
  182  15:30  Stalker  
  182  15:33  Stalker  
  182  15:34  Stalker  
  182  15:35  Carrier  
  188  15:37  Stalker  
  191  16:38  Protoss Ground Weapons Level 3  
  190  16:51  Dark Templar  
  190  17:01  Carrier  
  184  18:26  Carrier  
  172  19:15  Unknown  
  172  19:52  Carrier  
Show
View Real Time Build Order
Export as new Build Order

RatedBeta Zerg - Winner!

Build Orders: Pool First 

Get SALT Encoding   

  12  0:10  Overlord  
  12  0:14  Drone  
  13  0:36  Overlord  
  13  0:49  Drone x3  
  16  1:20  Overlord  
  16  1:30  Drone x2  
  18  1:48  Evolution Chamber  
  18  1:52  Evolution Chamber  
  16  2:07  Overlord x2  
  16  2:27  Spawning Pool  
  15  2:34  Extractor  
  14  2:38  Extractor  
  13  2:45  Drone x3  
  16  3:18  Queen  
  18  3:53  Zergling x6  
  18  3:54  Queen  
  23  3:56  Hatchery  
  22  4:07  Metabolic Boost  
  22  4:31  Roach Warren  
  21  4:43  Spine Crawler  
  20  4:52  Spine Crawler  
  20  4:58  Spine Crawler, Drone x3  
  20  4:59  Drone  
  22  5:46  Drone x4  
  26  5:59  Queen  
  26  6:02  Drone  
  26  6:03  Drone  
  30  6:04  Drone  
  30  6:09  Lair  
  31  6:16  Roach x2  
  31  6:17  Roach  
  37  6:35  Queen  
  39  7:18  Drone x4  
  43  7:26  Roach x2  
  47  7:32  Roach x4  
  47  7:33  Roach  
  57  7:39  Overlord  
  57  7:40  Overlord x2  
  57  8:34  Roach x4  
  61  8:35  Roach x4  
  58  9:20  Spore Crawler  
  57  9:25  Spore Crawler  
  57  9:31  Spore Crawler  
  55  9:39  Spore Crawler  
  54  10:09  Glial Reconstitution  
  53  10:58  Drone  
  53  10:59  Drone x4  
  53  11:00  Drone x2  
  60  11:21  Spore Crawler  
  59  11:26  Spire  
  59  11:28  Tunneling Claws  
  59  11:30  Infestation Pit  
  57  11:34  Hydralisk Den  
  56  12:11  Muscular Augments  
  56  12:15  Hydralisk x4  
  56  12:16  Hydralisk x2  
  56  12:21  Drone  
  56  12:22  Drone  
  70  13:11  Zerg Melee Weapons Level 1  
  70  13:17  Zerg Missile Weapons Level 1  
  70  13:44  Hive  
  70  13:51  Swarm Host  
  70  13:52  Swarm Host  
  70  13:53  Mutalisk  
  78  14:03  Overlord  
  78  15:03  Ravager  
  79  15:17  Ravager  
  79  15:20  Ravager  
  76  17:12  Ultralisk Cavern  
  33  18:16  Ravager  
  34  19:23  Hydralisk x5  
  42  19:25  Ultralisk x3  
  42  19:31  Infestor x2  
  74  19:32  Swarm Host  
  81  19:38  Ultralisk  
  81  19:39  Ultralisk  
  81  19:43  Hatchery  
  80  20:11  Extractor  
  79  20:16  Extractor  
  78  21:04  Drone  
Show
View Real Time Build Order
Export as new Build Order

Player 4 Protoss 

Build Orders:  

Get SALT Encoding   

  12  0:03  Probe (Chrono Boost)  
  14  0:15  Probe (Chrono Boost)  
  14  0:20  Pylon  
  14  0:27  Probe (Chrono Boost)  
  15  0:39  Probe (Chrono Boost)  
  16  1:05  Assimilator  
  16  1:06  Probe (Chrono Boost)  
  16  1:07  Gateway  
  16  1:09  Assimilator  
  18  1:18  Probe (Chrono Boost)  
  18  1:29  Nexus  
  18  1:30  Probe (Chrono Boost)  
  19  1:42  Pylon  
  19  1:45  Probe (Chrono Boost)  
  20  1:58  Probe (Chrono Boost)  
  21  2:03  Cybernetics Core  
  21  2:10  Probe (Chrono Boost)  
  23  2:23  Probe (Chrono Boost)  
  23  2:35  Probe (Chrono Boost)  
  24  2:42  Pylon  
  24  2:43  Stargate  
  24  2:44  Stargate  
  24  2:47  Probe (Chrono Boost)  
  26  3:00  Probe (Chrono Boost)  
  26  3:28  Void Ray  
  30  3:37  Void Ray  
  34  3:55  Forge  
  34  4:08  Robotics Facility  
  34  4:12  Void Ray  
  38  4:30  Phoenix  
  40  4:54  Warp Prism  
  42  6:29  Stalker  
  42  6:30  Protoss Air Weapons Level 1  
  42  6:31  Assimilator, Probe (Chrono Boost)  
  46  6:33  Stargate, Probe (Chrono Boost)  
  46  6:36  Pylon  
  46  6:39  Photon Cannon  
  46  6:43  Photon Cannon, Probe (Chrono Boost)  
  46  6:45  Pylon, Probe (Chrono Boost)  
  46  6:46  Phoenix, Pylon  
  50  6:50  Gateway  
  52  6:54  Gateway, Observer  
  52  6:56  Probe (Chrono Boost)  
  52  6:57  Probe (Chrono Boost)  
  52  6:58  Forge  
  52  7:00  Assimilator  
  53  7:02  Stalker  
  53  7:08  Probe (Chrono Boost)  
  56  7:09  Probe (Chrono Boost)  
  56  7:10  Photon Cannon  
  56  7:12  Photon Cannon  
  56  7:15  Twilight Council  
  57  7:16  Observer  
  57  7:20  Probe (Chrono Boost)  
  57  7:21  Probe (Chrono Boost)  
  59  7:31  Void Ray  
  59  7:32  Probe (Chrono Boost)  
  59  7:33  Zealot  
  59  7:34  Probe (Chrono Boost)  
  67  7:44  Photon Cannon, Probe (Chrono Boost)  
  68  7:47  Stalker  
  68  7:49  Pylon  
  68  7:50  Probe (Chrono Boost)  
  69  7:56  Probe (Chrono Boost)  
  68  8:02  Probe (Chrono Boost)  
  68  8:04  Stalker  
  71  8:08  Probe (Chrono Boost)  
  68  8:14  Probe (Chrono Boost)  
  70  8:20  Stalker, Probe (Chrono Boost)  
  70  8:24  Protoss Air Armor Level 1  
  70  8:26  Probe (Chrono Boost)  
  73  8:32  Probe (Chrono Boost)  
  74  8:39  Probe (Chrono Boost)  
  74  8:44  Probe (Chrono Boost)  
  75  8:51  Probe (Chrono Boost)  
  77  8:57  Probe (Chrono Boost)  
  77  8:59  Pylon  
  78  9:03  Probe (Chrono Boost)  
  78  9:09  Void Ray, Probe (Chrono Boost)  
  79  9:15  Probe (Chrono Boost)  
  76  9:21  Probe (Chrono Boost)  
  75  9:25  Void Ray  
  75  9:27  Probe (Chrono Boost)  
  80  9:33  Probe (Chrono Boost)  
  82  9:39  Probe (Chrono Boost)  
  82  9:42  Phoenix  
  82  9:44  Pylon  
  84  10:54  Warp Prism  
  84  10:56  Robotics Facility  
  86  10:59  Fleet Beacon  
  86  11:02  Robotics Bay  
  86  11:06  Stargate  
  86  11:10  Pylon  
  86  11:30  Warp Prism  
  88  11:35  Pylon  
  80  11:42  Carrier  
  80  11:43  Observer, Protoss Air Armor Level 2  
  71  11:51  Observer Gravitic Boosters  
  71  11:57  Void Ray  
  75  12:11  Void Ray  
  79  12:25  Void Ray  
  83  12:33  Graviton Catapult  
  83  12:40  Phoenix  
  85  12:45  Nexus  
  85  12:48  Gravitic Drive  
  85  12:54  Carrier  
  85  12:55  Protoss Shields Level 1  
  91  13:08  Carrier  
  97  13:30  Templar Archives  
  97  13:41  Dark Shrine  
  97  13:59  Protoss Air Weapons Level 2  
  97  14:00  Probe (Chrono Boost)  
  97  14:02  Probe (Chrono Boost)  
  100  14:03  Probe (Chrono Boost)  
  100  14:12  Probe (Chrono Boost)  
  100  14:13  Carrier  
  89  14:22  Pylon  
  87  14:24  Pylon  
  87  14:27  Assimilator  
  87  14:28  Void Ray  
  87  14:29  Assimilator  
  91  14:33  Stalker  
  91  14:37  Zealot  
  91  14:38  Probe (Chrono Boost)  
  95  14:40  Stalker  
  95  14:45  Probe (Chrono Boost)  
  93  14:49  Immortal  
  93  14:50  Probe (Chrono Boost)  
  93  14:57  Probe (Chrono Boost)  
  93  14:58  Pylon  
  94  15:02  Probe (Chrono Boost)  
  94  15:03  Stalker  
  94  15:04  Zealot  
  99  15:09  Probe (Chrono Boost)  
  99  15:10  Void Ray  
  97  15:18  Probe (Chrono Boost)  
  97  15:19  Observer  
  97  15:20  Void Ray  
  97  15:21  Probe (Chrono Boost)  
  105  15:29  Phoenix  
  105  15:30  Probe (Chrono Boost)  
  105  15:33  Probe (Chrono Boost)  
  108  15:36  Pylon  
  108  15:39  Void Ray  
  108  15:42  Probe (Chrono Boost)  
  113  15:53  Void Ray  
  117  15:58  Phoenix, Nexus  
  119  16:05  Pylon  
  118  16:36  Carrier  
  124  16:49  Nexus  
  114  17:12  Void Ray  
  110  17:42  Void Ray  
  114  17:58  Nexus  
  114  18:01  Phoenix  
  114  18:02  Assimilator  
  114  18:20  Phoenix  
  116  18:50  Assimilator  
  110  19:02  Nexus  
  94  19:06  Assimilator, Carrier  
  96  19:18  Stalker  
  96  19:22  Zealot  
  100  19:26  Zealot  
  100  19:39  Observer  
  101  19:48  Stalker  
  101  19:49  Zealot  
  105  19:53  Observer  
  106  20:13  Stalker  
  108  20:17  Stalker  
  109  20:21  Zealot  
  109  20:26  Observer  
  111  20:39  Observer  
Show
View Real Time Build Order
Export as new Build Order

Player 5 Protoss 

Build Orders: Nexus First 

Get SALT Encoding   

  12  0:02  Probe (Chrono Boost)  
  14  0:14  Probe (Chrono Boost)  
  14  0:21  Pylon  
  14  0:27  Probe (Chrono Boost)  
  15  0:41  Probe (Chrono Boost)  
  16  0:56  Nexus  
  16  1:03  Assimilator  
  16  1:15  Gateway  
  16  1:20  Assimilator  
  16  1:28  Pylon  
  16  1:30  Probe (Chrono Boost)  
  18  1:47  Probe (Chrono Boost)  
  18  2:00  Probe (Chrono Boost)  
  19  2:04  Cybernetics Core  
  19  2:12  Probe (Chrono Boost)  
  20  2:23  Pylon  
  20  2:27  Probe (Chrono Boost)  
  21  2:39  Probe (Chrono Boost)  
  22  2:44  Stargate  
  22  3:21  Robotics Facility  
  22  3:27  Void Ray  
  26  4:08  Warp Prism  
  28  4:10  Void Ray  
  31  7:03  Probe (Chrono Boost)  
  32  7:27  Stalker  
  34  7:34  Assimilator, Observer  
  34  7:35  Probe (Chrono Boost)  
  36  7:37  Assimilator  
  36  7:39  Probe (Chrono Boost)  
  36  7:42  Void Ray  
  41  7:47  Probe (Chrono Boost)  
  41  7:48  Pylon  
  42  7:55  Observer  
  42  7:57  Stalker  
  43  8:08  Probe (Chrono Boost)  
  43  8:09  Pylon  
  45  8:13  Probe (Chrono Boost)  
  45  8:16  Immortal  
  50  8:20  Probe (Chrono Boost)  
  50  8:25  Void Ray  
  55  8:28  Probe (Chrono Boost)  
  55  8:30  Pylon  
  55  8:33  Probe (Chrono Boost)  
  56  8:40  Zealot  
  56  8:41  Probe (Chrono Boost)  
  59  8:45  Probe (Chrono Boost)  
  60  8:53  Probe (Chrono Boost)  
  62  8:57  Probe (Chrono Boost)  
  62  9:05  Probe (Chrono Boost)  
  62  9:09  Probe (Chrono Boost)  
  64  9:10  Pylon  
  61  9:17  Probe (Chrono Boost)  
  61  9:21  Probe (Chrono Boost)  
  58  9:29  Void Ray, Probe (Chrono Boost)  
  63  9:33  Probe (Chrono Boost)  
  63  9:41  Probe (Chrono Boost)  
  65  9:45  Probe (Chrono Boost)  
  66  9:53  Probe (Chrono Boost)  
  66  9:58  Probe (Chrono Boost)  
  67  10:05  Probe (Chrono Boost)  
  68  10:10  Probe (Chrono Boost)  
  69  10:17  Probe (Chrono Boost)  
  69  10:19  Pylon  
  71  10:22  Probe (Chrono Boost)  
  72  10:29  Probe (Chrono Boost)  
  72  10:34  Probe (Chrono Boost)  
  73  10:42  Probe (Chrono Boost)  
  74  10:46  Probe (Chrono Boost)  
  75  10:54  Probe (Chrono Boost)  
  76  12:40  Phoenix, Warp Prism  
  76  12:41  Protoss Air Weapons Level 1  
  76  12:42  Stargate  
  80  12:44  Robotics Bay  
  80  12:47  Pylon  
  70  13:06  Phoenix  
  60  13:17  Observer  
  61  13:28  Stargate  
  61  13:32  Void Ray  
  61  13:33  Observer Gravitic Boosters  
  65  13:58  Void Ray  
  69  14:24  Void Ray  
  69  14:30  Gravitic Drive  
  73  14:36  Protoss Air Armor Level 1  
  73  14:54  Phoenix  
  63  15:20  Phoenix  
  65  15:46  Void Ray  
  69  16:12  Void Ray  
  73  17:06  Void Ray  
  73  17:07  Warp Gate  
  77  17:11  Fleet Beacon  
  77  17:14  Forge  
  73  17:22  Void Ray  
  65  17:38  Phoenix  
  67  17:47  Protoss Ground Weapons Level 1  
  67  17:54  Void Ray  
  71  18:10  Void Ray  
  75  18:26  Void Ray  
  79  19:01  Protoss Air Armor Level 2  
  79  20:16  Observer  
  79  20:56  Observer  
Show
View Real Time Build Order
Export as new Build Order

Player 6 Protoss 

Build Orders: Nexus First 

Get SALT Encoding   

  12  0:02  Probe (Chrono Boost)  
  14  0:15  Probe (Chrono Boost)  
  14  0:20  Pylon  
  14  0:27  Probe (Chrono Boost)  
  15  0:40  Probe (Chrono Boost)  
  16  0:57  Nexus  
  16  1:03  Assimilator  
  16  1:16  Gateway  
  16  1:18  Assimilator  
  16  1:27  Pylon  
  16  1:30  Probe (Chrono Boost)  
  17  1:42  Probe (Chrono Boost)  
  19  1:55  Probe (Chrono Boost)  
  19  2:06  Cybernetics Core  
  19  2:11  Probe (Chrono Boost)  
  20  2:23  Pylon  
  20  2:26  Probe (Chrono Boost)  
  22  2:38  Probe (Chrono Boost)  
  22  2:43  Stargate  
  22  3:21  Robotics Facility  
  22  3:27  Void Ray  
  26  4:08  Warp Prism  
  28  4:10  Void Ray  
  32  7:11  Phoenix  
  32  7:13  Observer  
  32  7:14  Assimilator, Probe (Chrono Boost)  
  36  7:16  Assimilator  
  36  7:18  Probe (Chrono Boost)  
  37  7:26  Probe (Chrono Boost)  
  39  7:30  Probe (Chrono Boost)  
  39  7:34  Observer  
  41  7:38  Probe (Chrono Boost)  
  41  7:43  Probe (Chrono Boost)  
  42  7:46  Phoenix  
  42  7:50  Probe (Chrono Boost)  
  45  7:55  Probe (Chrono Boost)  
  45  7:56  Pylon  
  46  8:02  Probe (Chrono Boost)  
  48  8:07  Probe (Chrono Boost)  
  48  8:15  Probe (Chrono Boost)  
  48  8:19  Probe (Chrono Boost)  
  50  8:21  Phoenix  
  50  8:27  Probe (Chrono Boost)  
  53  8:31  Probe (Chrono Boost)  
  54  8:39  Probe (Chrono Boost)  
  55  8:43  Probe (Chrono Boost)  
  55  8:47  Pylon  
  56  8:51  Probe (Chrono Boost)  
  56  8:55  Probe (Chrono Boost)  
  59  9:03  Probe (Chrono Boost)  
  59  9:07  Probe (Chrono Boost)  
  60  9:15  Probe (Chrono Boost)  
  61  9:19  Probe (Chrono Boost)  
  61  9:23  Pylon  
  62  9:27  Probe (Chrono Boost)  
  64  9:31  Probe (Chrono Boost)  
  65  9:39  Probe (Chrono Boost)  
  65  9:44  Probe (Chrono Boost)  
  66  9:51  Probe (Chrono Boost)  
  67  9:56  Probe (Chrono Boost)  
  64  10:29  Void Ray  
  64  10:31  Observer  
  64  11:59  Warp Prism  
  64  12:01  Stargate, Void Ray, Protoss Air Weapons Level 1  
  70  12:05  Robotics Bay  
  70  12:07  Pylon  
  70  12:36  Observer  
  60  12:43  Phoenix  
  62  12:49  Stargate  
  62  12:53  Observer Gravitic Boosters  
  62  12:57  Observer  
  63  13:03  Void Ray  
  67  13:28  Void Ray  
  71  13:50  Gravitic Drive  
  71  13:53  Phoenix  
  73  13:55  Protoss Air Armor Level 1  
  73  16:21  Void Ray  
  73  16:23  Warp Gate  
  77  16:26  Fleet Beacon  
  77  16:31  Forge  
  77  16:33  Pylon  
  77  16:40  Void Ray  
  81  16:51  Observer  
  65  16:58  Void Ray  
  69  17:03  Protoss Ground Weapons Level 1  
  69  17:17  Void Ray  
  73  17:36  Void Ray  
  77  17:55  Phoenix  
  79  18:58  Protoss Ground Armor Level 1  
  79  19:23  Observer  
  79  19:58  Void Ray  
  61  20:11  Pylon  
  61  20:13  Stalker  
  50  20:30  Fleet Beacon  
  43  20:35  Nexus  
  31  20:43  Zealot  
  18  20:52  Pylon  
Tags
 
Add a new tag
Caveats
  • Supply blocks, unpowered buildings, or Contaminate may cause inaccurate times.
  • Supply counts are checked every 10 seconds.